 Dungeon Crawl Stone Soup version 0.23.0-3-gf3c87f2 (webtiles) character file.

Game seed: 7970850034174787228

5439 Frank the Carver (level 10, -4/68 HPs)
             Began as an Octopode Fighter on Feb 24, 2019.
             Was a Believer of Makhleb.
             Slain by an orc
             ... wielding a +0 halberd
              (8 damage)
             ... in a bailey.
             The game lasted 00:15:23 (7718 turns).

Frank the Carver (Octopode Fighter)                 Turns: 7718, Time: 00:15:24

Health: -4/68      AC:  1    Str: 25    XL:     10   Next: 68%
Magic:  14/14      EV: 15    Int: 11    God:    Makhleb [**....]
Gold:   420        SH: 13    Dex: 15    Spells: 9/9 levels left

rFire    . . .     SeeInvis .   a - +4 long sword
rCold    . . .     Gourm    .   b - +2 shield
rNeg     . . .     Faith    .   (helmet restricted)
rPois    .         Spirit   .   (no amulet)
rElec    .         Reflect  .   k - +5 ring of strength
rCorr    .         Harm     .   (no ring)
MR       .....                  (no ring)
Stlth    ++++......             (no ring)
HPRegen  0.21/turn              (no ring)
MPRegen  0.14/turn              (no ring)
                                (no ring)
                                (no ring)

@: mighty
A: almost no armour, stealthy swim, amphibious, 8 rings, constrict 8, camouflage
1, gelatinous body 1
a: Minor Destruction, Renounce Religion


You were in a bailey.
You worshipped Makhleb.
Makhleb was pleased with you.
You were not hungry.

You visited 2 branches of the dungeon, and saw 10 of its levels.
You also visited: Bailey.

You collected 420 gold pieces.

Inventory:

Hand Weapons
 a - a +4 long sword (weapon)
Armour
 b - a +2 shield (worn)
Jewellery
 k - a +5 ring of strength (left tentacle)
Wands
 o - a wand of random effects (13)
 p - a wand of iceblast (12)
Scrolls
 e - 3 scrolls of identify
 g - 3 scrolls of remove curse
 m - a scroll of amnesia
 n - a scroll of fog
Potions
 f - a potion of lignification
 l - a potion of degeneration {unknown}
Comestibles
 d - 16 rations
 h - 2 chunks of flesh


   Skills:
 + Level 5.9 Fighting
 + Level 8.8 Long Blades
 + Level 6.1 Dodging
 + Level 6.6 Stealth
 + Level 6.0 Shields
 * Level 6.6 Invocations
 * Level 5.4 Evocations


You had 9 spell levels left.
You didn't know any spells.
Your spell library was empty.

Dungeon Overview and Level Annotations

Branches:
Dungeon (9/15)             Temple (1/1) D:4
   Lair: D:8-11         Orc: D:9-12

Altars:
Ashenzari
Cheibriados
Dithmenos
Elyvilon
Fedhas
Gozag
Hepliaklqana
Makhleb
Nemelex Xobeh
Okawaru
Qazlal
Ru
Sif Muna
Trog
Uskayaw
Vehumet
Wu Jian
Xom
Zin
The Shining One

Shops:
D:4 =   D:5 ([%:   D:6 }


Innate Abilities, Weirdness & Mutations

You cannot wear most types of armour.
You are very stealthy in the water. (Stealth+)
You are amphibious.
You can wear up to eight rings at the same time.
You can use your tentacles to constrict eight enemies at once.
Your skin changes colour to match your surroundings (Stealth+).
Your rubbery body absorbs attacks. (AC +1, EV +1)


Message History

You are too injured to fight recklessly!
You are too injured to fight recklessly!
You are too injured to fight recklessly!
Unknown command.
You completely miss the orc. You grab the orc. You constrict the orc.
You block the orc's attack. The orc closely misses you.
You riposte.
You slash the orc!
You kill the orc!
Makhleb accepts your kill.
You feel better. You block the orc's attack.
The orc hits you from afar with a +0 halberd!
* * * LOW HITPOINT WARNING * * *
The orc hits you from afar with a +0 trident.
* * * LOW HITPOINT WARNING * * *
You barely miss the orc. You grab the orc. You squeeze the orc.
You kill the orc!
Makhleb accepts your kill.
You feel better.
The orc hits you from afar with a +0 halberd!
You die...

#######
##..∩..##
#.......#
#∩.....∩#
#.......#
#.......#
#.......#
#....o..#
#.)@)o..#
#.).oo..#
#..o....#
#.......#
##.....##
###+###


You could see 5 orcs.

Vanquished Creatures
  Erolcha (D:9)
  2 two-headed ogres (D:8)
  A troll (D:8)
  A hippogriff (D:7)
  A wyvern (D:9)
  2 orc warriors
  2 ice beasts
  A sky beast (D:8)
  A black bear (D:6)
  4 ogres
  A centaur (D:5)
  A big kobold (D:8)
  5 bullfrogs
  A wyvern skeleton (D:8)
  5 killer bees (D:8)
  4 howler monkeys
  A bullfrog zombie (D:4)
  2 crimson imps
  2 quasits
  2 bullfrog skeletons
  An orc priest (D:6)
  4 hounds
  2 jellies (D:8)
  3 orc wizards
  A centaur skeleton (D:4)
  2 iguanas
  6 worker ants
  2 hound skeletons
  A worker ant zombie (D:5)
  10 gnolls
  7 adders
  3 shadow imps
  3 oozes (D:2)
  3 adder skeletons
  4 worms
  3 dart slugs
  6 leopard geckos
  26 orcs
  4 ball pythons
  7 giant cockroaches
  5 hobgoblins
  6 jackals (D:3)
  3 bats
  5 frilled lizards
  14 goblins
  17 kobolds
  8 rats
196 creatures vanquished.

Notes
Turn   | Place    | Note
-------+----------+-------------------------------------------
     0 | D:1      | Frank the Octopode Fighter began the quest for the Orb.
     0 | D:1      | Reached XP level 1. HP: 16/16 MP: 1/1
   127 | D:1      | Reached XP level 2. HP: 16/21 MP: 2/2
   817 | D:2      | Reached XP level 3. HP: 22/26 MP: 3/3
  1243 | D:2      | Reached skill level 1 in Stealth
  1246 | D:2      | Reached XP level 4. HP: 23/31 MP: 4/4
  1346 | D:2      | Reached skill level 3 in Long Blades
  1834 | D:2      | Found a hide-covered altar of Uskayaw.
  1918 | D:2      | Reached XP level 5. HP: 27/36 MP: 5/5
  2235 | D:3      | Found a hazy altar of Hepliaklqana.
  2531 | D:3      | Reached skill level 4 in Long Blades
  2833 | D:4      | Found a sacrificial altar of Ru.
  2842 | D:4      | Found a staircase to the Ecumenical Temple.
  2854 | D:4      | Reached XP level 6. HP: 43/43 MP: 6/6
  2859 | Temple   | Entered the Ecumenical Temple
  2936 | Temple   | Became a worshipper of Makhleb the Destroyer
  2969 | D:4      | Found a shadowy altar of Dithmenos.
  2989 | D:4      | Reached skill level 1 in Invocations
  3373 | D:4      | Found Eshaec's Jewellery Shop.
  3856 | D:5      | Entered Level 5 of the Dungeon
  3863 | D:5      | Reached XP level 7. HP: 38/48 MP: 8/8
  4003 | D:5      | Found Usepu's Weapon Shop.
  4008 | D:5      | Found a snail-covered altar of Cheibriados.
  4031 | D:5      | Found Ganeest's Antique Armour Boutique.
  4074 | D:5      | Found Jiruo's Book Emporium.
  4098 | D:5      | Reached skill level 5 in Long Blades
  4100 | D:5      | Found Hirgh's Food Shoppe.
  4282 | D:5      | Found Ciner's Antique Armour Shoppe.
  4319 | D:5      | Found an ornate altar of the Wu Jian Council.
  4464 | D:5      | Found a shadowy altar of Dithmenos.
  4465 | D:5      | Found a blossoming altar of Fedhas.
  4640 | D:6      | Reached * piety under Makhleb
  4645 | D:6      | Found a white marble altar of Elyvilon.
  4657 | D:6      | Reached XP level 8. HP: 53/54 MP: 8/10
  4896 | D:6      | Reached skill level 6 in Long Blades
  4908 | D:6      | Reached skill level 5 in Stealth
  5000 | D:6      | Reached skill level 1 in Evocations
  5345 | D:6      | Found Luufy's Gadget Shop.
  5440 | D:7      | Found a glowing golden altar of the Shining One.
  5453 | D:7      | Noticed a hippogriff
  5818 | D:7      | Reached XP level 9. HP: 59/60 MP: 12/12
  6008 | D:8      | Reached skill level 5 in Fighting
  6008 | D:8      | Reached skill level 7 in Long Blades
  6008 | D:8      | Reached ** piety under Makhleb
  6304 | D:8      | Noticed a two-headed ogre
  6317 | D:8      | Killed a two-headed ogre
  6317 | D:8      | Reached skill level 5 in Dodging
  6317 | D:8      | Reached skill level 5 in Shields
  6317 | D:8      | Reached skill level 5 in Invocations
  6331 | D:8      | Noticed a two-headed ogre
  6505 | D:8      | Killed a two-headed ogre
  6505 | D:8      | Reached skill level 8 in Long Blades
  6505 | D:8      | Reached XP level 10. HP: 49/66 MP: 12/14
  6903 | D:8      | Found a radiant altar of Vehumet.
  7419 | D:9      | Noticed Erolcha
  7460 | D:9      | Reached skill level 5 in Evocations
  7513 | D:9      | Killed Erolcha
  7523 | D:9      | Found a flagged portal.
  7703 | Bailey   | Entered a bailey
  7717 | Bailey   | HP: 3/68 [orc/+0 trident (5)]
  7718 | Bailey   | Slain by an orc

Skill      XL: |  1  2  3  4  5  6  7  8  9 10 |
---------------+-------------------------------+-----
Stealth        | 1 2 3 4 5 6 |  6.6
Long Blades    | 3 4 5 6 8 |  8.8
Invocations    | 1 2 4 5 6 |  6.6
Fighting       | 4 5 |  5.9
Dodging        | 4 5 6 |  6.1
Shields        | 4 5 6 |  6.0
Evocations     | 2 4 5 |  5.4

Action                   |  1- 3 |  4- 6 |  7- 9 | 10-12 || total
-------------------------+-------+-------+-------+-------++-------
Melee: Long sword        |    64 |   109 |   137 |    64 ||   374
       Constrict         |    15 |    28 |    39 |    18 ||   100
       Tentacles         |     8 |    21 |    36 |    20 ||    85
Invok: Minor Destruction |       |       |       |     1 ||     1
Evoke: Wand              |       |       |    12 |    10 ||    22
  Use: Scroll            |     6 |     6 |     7 |     1 ||    20
       Potion            |       |     2 |     3 |     3 ||     8
 Stab: Sleeping          |     6 |     9 |    13 |       ||    28
  Eat: Chunk             |       |     9 |     7 |     2 ||    18
       Ration            |       |       |       |     1 ||     1
Armor: Skin              |     4 |     1 |     7 |     1 ||    13
Dodge: Dodged            |    28 |    49 |    73 |    51 ||   201
Block: Shield            |    36 |    62 |    78 |    61 ||   237
       Rpst.: Long sword |     7 |    19 |    20 |    11 ||    57
